[Event "Titled Tuesday Blitz April 11 Late 2023"]
[White "Santos Flores, Alberto"]
[Black "Novikova, Galina"]
[WhiteFideId "3601234"]
[BlackFideId "4157095"]
[WhiteElo "2235"]
[BlackElo "1953"]
[Result "1-0"]
[Round "06"]
[TimeControl "180+2"]
[Date "2023.04.11"]
[WhiteClock "0:01:57"]
[BlackClock "0:00:48"]

1. e4 e6 2. d4 d5 3. Nc3 Bb4 4. e5 c5 5. a3 Bxc3+ 6. bxc3 Ne7 7. h4 Nbc6 8. h5 h6 9. Nf3 Qa5 10. Bd2 Qc7 11. Bd3 Bd7 12. O-O c4 13. Be2 g5 14. hxg6 Nxg6 15. g3 O-O-O 16. Kg2 Rdg8 17. Rh1 h5 18. Bg5 Nce7 19. Qd2 Nf5 20. Bf6 Rh7 21. Ng5 Rhg7 22. Rxh5 b6 23. Rah1 Kb7 24. Bxg7 Rxg7 25. Rh7 Qd8 26. Rxg7 Nxg7 27. Nxf7 Qf8 28. Nd6+ Ka6 29. Qg5 Ne7 30. Rh7 Nef5 31. Nxf5 Nxf5 32. Rxd7 Qxa3 33. g4 Qxc3 34. gxf5 Qxd4 35. fxe6 Qe4+ 36. Bf3 1-0


[Site "https://www.chess.com"]

[Event "Titled Tuesday Blitz April 11 Late 2023"]
[White "Prydun, Andriy"]
[Black "Rodriguez Santiago, Jaime"]
[WhiteFideId "14145898"]
[BlackFideId "3100898"]
[WhiteElo "2164"]
[BlackElo "2025"]
[Result "1-0"]
[Round "06"]
[TimeControl "180+2"]
[Date "2023.04.11"]
[WhiteClock "0:00:03"]
[BlackClock "0:00:13"]

1. e4 c6 2. d4 d5 3. e5 Bf5 4. Bd3 Bxd3 5. cxd3 e6 6. Nc3 c5 7. dxc5 Bxc5 8. d4 Be7 9. Nf3 Nc6 10. a3 h5 11. h4 Nh6 12. Bg5 Nf5 13. Rb1 Qb6 14. Ne2 Bxg5 15. hxg5 g6 16. g4 Ng7 17. b4 O-O-O 18. gxh5 Rxh5 19. Rxh5 Nxh5 20. a4 Kb8 21. a5 Qb5 22. a6 b6 23. Qd2 Rc8 24. Nc3 Qc4 25. Na4 Qxa6 26. Nc3 Qc4 27. Ne2 Kb7 28. b5 Na5 29. Rc1 Qa4 30. Rxc8 Kxc8 31. Qc1+ Qc4 32. Qb2 Kb7 33. Nd2 Qc7 34. Nb1 Nc4 35. Qb3 Ng7 36. Nbc3 Nf5 37. Qb4 Ne7 38. Qb3 Nc8 39. Qb4 Na5 40. Qf8 Nb3 41. Kd1 Nxd4 42. Nxd4 Qxc3 43. Qxf7+ Qc7 44. Qxc7+ Kxc7 45. Nxe6+ Kd7 46. Nf4 Ne7 47. Kd2 d4 48. Kd3 Ke8 49. Kxd4 Kf7 50. Nd5 Nf5+ 51. Ke4 Ke6 52. Nc7+ Kd7 53. Nd5 Ke6 54. Nf4+ Kf7 55. Nd3 Ne7 56. Nb4 Nc8 57. Nc6 Ke6 58. f4 Kd7 59. Nd4 Ke7 60. Kd5 Kd7 61. e6+ Ke7 62. Nc6+ Ke8 63. Ke5 Kf8 64. Kf6 Nd6 65. Kxg6 Nxb5 66. f5 Nd6 67. f6 a5 68. f7 Nxf7 69. exf7 a4 70. Kf6 a3 71. g6 1-0


[Site "https://www.chess.com"]

[Event "Titled Tuesday Blitz April 11 Late 2023"]
[White "Martin Barcelo, Carles"]
[Black "Kohler, Aran"]
[WhiteFideId "24561444"]
[BlackFideId "1002856"]
[WhiteElo "2089"]
[BlackElo "2010"]
[Result "1-0"]
[Round "06"]
[TimeControl "180+2"]
[Date "2023.04.11"]
[WhiteClock "0:00:22"]
[BlackClock "0:00:12"]

1. e4 g6 2. Nc3 Bg7 3. f4 c5 4. Nf3 Nc6 5. Bb5 d6 6. Bxc6+ bxc6 7. O-O Bg4 8. d3 f5 9. Qe1 Bxf3 10. Rxf3 Nh6 11. e5 dxe5 12. fxe5 Qd4+ 13. Kh1 Ng4 14. e6 O-O 15. Bf4 Rad8 16. h3 Nf6 17. Be5 Qb4 18. a3 Qb7 19. Na4 Qb5 20. b3 Nd5 21. Bxg7 Kxg7 22. Qe5+ Nf6 23. Qxc5 Qb7 24. Re1 Rd5 25. Qc3 Qc7 26. Nc5 Kg8 27. Rfe3 Qd6 28. b4 Nh5 29. Re5 Rd4 30. Nb7 Ng3+ 31. Kg1 Qc7 32. Qxd4 Qxb7 33. Kh2 f4 34. Rg5 Nf5 35. Qxf4 Qa6 36. Re5 Qxa3 37. Rexf5 1-0


[Site "https://www.chess.com"]

[Event "Titled Tuesday Blitz April 11 Late 2023"]
[White "Prieto Aranguren, Alain"]
[Black "Wu, Brandon"]
[WhiteFideId "2268906"]
[BlackFideId "30909228"]
[WhiteElo "2209"]
[BlackElo "2123"]
[Result "0-1"]
[Round "06"]
[TimeControl "180+2"]
[Date "2023.04.11"]
[WhiteClock "0:00:12"]
[BlackClock "0:00:20"]

1. d4 Nf6 2. c4 g6 3. Nc3 d5 4. Nf3 Bg7 5. Qb3 dxc4 6. Qxc4 O-O 7. e4 a6 8. e5 b5 9. Qb3 Nfd7 10. e6 fxe6 11. Be3 Nb6 12. h4 Nc6 13. Rd1 Na5 14. Qc2 Nac4 15. h5 Nxe3 16. fxe3 Qe8 17. Bd3 Bb7 18. hxg6 h6 19. Ne5 Bxe5 20. dxe5 Kg7 21. Qe2 b4 22. Ne4 Qxg6 23. Nf6 Qg3+ 24. Kd2 exf6 25. Rxh6 Kxh6 26. Rh1+ Kg7 27. Rh7+ Kg8 28. Qh5 Nc4+ 29. Bxc4 Rad8+ 30. Bd3 Rxd3+ 31. Kxd3 Be4+ 32. Kxe4 Qxg2+ 33. Kd4 Qd5# 0-1


[Site "https://www.chess.com"]

[Event "Titled Tuesday Blitz April 11 Late 2023"]
[White "Sarkar, Justin"]
[Black "Guzman Moneo, Alberto"]
[WhiteFideId "2010011"]
[BlackFideId "2209616"]
[WhiteElo "2189"]
[BlackElo "2157"]
[Result "0-1"]
[Round "06"]
[TimeControl "180+2"]
[Date "2023.04.11"]
[WhiteClock "0:00:01"]
[BlackClock "0:00:16"]

1. e4 c5 2. Nf3 Nc6 3. Nc3 g6 4. d4 cxd4 5. Nxd4 Bg7 6. Be3 Nf6 7. Nb3 a5 8. a4 O-O 9. Be2 d5 10. exd5 Nb4 11. Bf3 h5 12. h3 e6 13. Bc5 Re8 14. d6 e5 15. Ne4 Bf5 16. Qe2 Rc8 17. O-O Nxc2 18. Qxc2 b6 19. Nxf6+ Bxf6 20. Be4 Be6 21. Rfd1 bxc5 22. Nxc5 Qb6 23. Rac1 Red8 24. d7 Rc7 25. Bxg6 Rxc5 26. Qxc5 Qxc5 27. Rxc5 fxg6 28. Rc6 Kf7 29. Ra6 Rxd7 0-1


[Site "https://www.chess.com"]

[Event "Titled Tuesday Blitz April 11 Late 2023"]
[White "Sariego Figueredo, Wilfredo"]
[Black "Estrada Nieto, Julian"]
[WhiteFideId "3500080"]
[BlackFideId "5101018"]
[WhiteElo "2309"]
[BlackElo "2161"]
[Result "0-1"]
[Round "06"]
[TimeControl "180+2"]
[Date "2023.04.11"]
[WhiteClock "0:00:24"]
[BlackClock "0:01:00"]

1. d4 d5 2. Bf4 Nf6 3. e3 c5 4. c3 Nc6 5. Nf3 Qb6 6. b3 Bg4 7. Nbd2 e6 8. Be2 Qa5 9. Qc1 cxd4 10. cxd4 Ba3 11. Qc2 Bf5 12. Qd1 Nb4 13. O-O Bb2 14. a4 O-O 15. Nh4 Bc2 16. Qe1 Bxa1 17. Qxa1 Bd3 18. Bxd3 Nxd3 19. Nhf3 Nxf4 20. exf4 Rac8 21. Rc1 Ne4 22. Nxe4 dxe4 23. Ne5 Qd2 24. Rd1 Qxf4 25. g3 Qf5 26. Rc1 h5 27. Qa3 h4 28. Rc4 e3 29. fxe3 Qe4 30. Qc1 h3 31. Qd2 Qb1+ 32. Kf2 Qh1 33. Ke2 Qxh2+ 34. Kd3 Qxd2+ 35. Kxd2 h2 0-1


[Site "https://www.chess.com"]

[Event "Titled Tuesday Blitz April 11 Late 2023"]
[White "Davtyan, David Arm."]
[Black "Almeida Junior, Alvaro Alves de"]
[WhiteFideId "13310046"]
[BlackFideId "2149974"]
[WhiteElo "2274"]
[BlackElo "2122"]
[Result "0-1"]
[Round "06"]
[TimeControl "180+2"]
[Date "2023.04.11"]
[WhiteClock "0:00:43"]
[BlackClock "0:00:35"]

1. e4 c5 2. Nc3 Nc6 3. g3 g6 4. Bg2 Bg7 5. d3 e6 6. Be3 d6 7. Qd2 Rb8 8. Nge2 a6 9. a3 b5 10. O-O Nge7 11. d4 cxd4 12. Nxd4 O-O 13. Rad1 Ne5 14. b3 Bb7 15. h3 d5 16. f4 N5c6 17. Nxc6 Bxc6 18. exd5 exd5 19. Nxd5 Bxd5 20. Bxd5 Nxd5 21. Qxd5 Qc7 22. Qc5 Qb7 23. Qd5 Qc7 24. Qg2 Rfe8 25. Bd4 Bxd4+ 26. Rxd4 Qc5 27. Qf2 Qxa3 28. f5 Rb7 29. fxg6 hxg6 30. Rh4 Qe7 31. Qf6 Qxf6 32. Rxf6 Re6 33. Rxe6 fxe6 34. Re4 Kf7 35. Kf2 Rc7 36. Re2 Rc3 37. h4 a5 38. g4 a4 39. bxa4 bxa4 40. Re4 Rxc2+ 41. Kg3 a3 42. Ra4 a2 43. Kf4 Rc4+ 44. Rxc4 a1=Q 45. Rc7+ Kf8 46. Rh7 Qf6+ 47. Ke4 Kg8 48. Rd7 Qxh4 49. Ke5 Qxg4 50. Kf6 Qf5+ 51. Ke7 Qf7+ 52. Kd6 Qxd7+ 53. Kxd7 Kf7 54. Kd6 Kf6 55. Kc5 Kf5 56. Kd4 Kf4 57. Kd3 Kf3 58. Kd2 Kf2 59. Kd3 g5 0-1


[Site "https://www.chess.com"]

[Event "Titled Tuesday Blitz April 11 Late 2023"]
[White "Osmonbekov, Talaibek"]
[Black "Kujawski, Adam"]
[WhiteFideId "2017253"]
[BlackFideId "1100920"]
[WhiteElo "2135"]
[BlackElo "2054"]
[Result "1-0"]
[Round "06"]
[TimeControl "180+2"]
[Date "2023.04.11"]
[WhiteClock "0:00:08"]
[BlackClock "0:00:08"]

1. d4 Nf6 2. Bf4 c5 3. d5 e6 4. d6 Qb6 5. Nd2 Nd5 6. Bg3 Bxd6 7. Nc4 Qb4+ 8. c3 Qxc4 9. Bxd6 Qa6 10. Bxb8 Rxb8 11. e4 Qb6 12. exd5 Qxb2 13. Rc1 exd5 14. Rc2 Qb6 15. Re2+ Kf8 16. Qxd5 d6 17. Nf3 Be6 18. Qd1 h6 19. g3 Rd8 20. Bg2 Qa5 21. Qc2 Bc4 22. Rd2 Re8+ 23. Kd1 g6 24. Re1 Kg7 25. Rxe8 Rxe8 26. Rxd6 Bxa2 27. c4 b5 28. Qb2+ Kh7 29. Qxb5 Qc3 30. Nd2 Re7 31. Rd7 Rxd7 32. Qxd7 Bxc4 33. Nxc4 Qxc4 34. Bd5 Qd4+ 35. Ke2 Qe5+ 36. Kf3 Qf6+ 37. Kg2 Kg7 38. Qxa7 c4 39. Qc5 c3 40. h4 h5 41. Qc4 Qe5 42. Be4 Kg8 43. Bxg6 Qf6 44. Bc2 Kg7 45. Qd3 Qe5 46. Qh7+ Kf8 47. Qh6+ Ke7 48. Qe3 Qxe3 49. fxe3 Kf6 50. Kf3 Ke5 51. Ke2 f6 52. Kd3 Kf5 53. Bd1 c2 54. Kxc2 Ke4 55. Kd2 f5 56. Bxh5 f4 57. exf4 Kd4 58. Bf3 Kc5 59. h5 Kd6 60. h6 Ke6 61. h7 Kf7 62. h8=Q Kg6 63. Qh5+ Kf6 64. Qe5+ Kg6 65. Be4+ Kh6 66. Qg5# 1-0


[Site "https://www.chess.com"]

[Event "Titled Tuesday Blitz April 11 Late 2023"]
[White "Davidson, Kevin"]
[Black "Torres Dominguez, David"]
[WhiteFideId "2056810"]
[BlackFideId "2220857"]
[WhiteElo "2151"]
[BlackElo "1999"]
[Result "1-0"]
[Round "06"]
[TimeControl "180+2"]
[Date "2023.04.11"]
[WhiteClock "0:00:19"]
[BlackClock "0:00:57"]

1. e4 Nc6 2. Nf3 e5 3. Bb5 Nge7 4. d4 exd4 5. Nxd4 g6 6. Nxc6 Nxc6 7. Bxc6 bxc6 8. Qd4 f6 9. b3 Bg7 10. Bb2 O-O 11. Nd2 Kh8 12. h4 d6 13. h5 gxh5 14. Rxh5 Qe7 15. f3 c5 16. Qd3 f5 17. O-O-O Bxb2+ 18. Kxb2 Be6 19. Rdh1 Bg8 20. exf5 Qf6+ 21. Kb1 d5 22. g4 Rae8 23. c4 dxc4 24. Nxc4 Bxc4 25. Rxh7+ Kg8 26. Qxc4+ Rf7 27. Rxf7 Qxf7 28. Rh8+ Kg7 29. Rh7+ Kxh7 30. Qxf7+ 1-0


[Site "https://www.chess.com"]

[Event "Titled Tuesday Blitz April 11 Late 2023"]
[White "Krishnan, Varun"]
[Black "Barria Santos, Jose Guilherme"]
[WhiteFideId "5054508"]
[BlackFideId "1939300"]
[WhiteElo "2341"]
[BlackElo "2266"]
[Result "1-0"]
[Round "06"]
[TimeControl "180+2"]
[Date "2023.04.11"]
[WhiteClock "0:01:53"]
[BlackClock "0:00:18"]

1. d4 Nf6 2. c4 g6 3. g3 Bg7 4. Bg2 O-O 5. Nf3 d6 6. O-O Nc6 7. a3 e5 8. e3 e4 9. Nfd2 Re8 10. Nc3 Bg4 11. Qc2 Bf5 12. Nd5 Nxd5 13. cxd5 Ne7 14. Bxe4 Bxe4 15. Qxe4 c6 16. dxc6 bxc6 17. Qf3 Nd5 18. Ne4 Qe7 19. Nc3 Nxc3 20. bxc3 Rac8 21. Rb1 c5 22. Bd2 cxd4 23. cxd4 Qe6 24. Rb7 Qa2 25. Bb4 Rcd8 26. Rxa7 Qc4 27. Qf4 Qd5 28. Rc1 Rc8 29. Rcc7 Rxc7 30. Rxc7 Qe6 31. Qxd6 Qe4 32. Qd7 Qb1+ 33. Kg2 Qe4+ 34. f3 1-0


[Site "https://www.chess.com"]

[Event "Titled Tuesday Blitz April 11 Late 2023"]
[White "Cigan, Jason"]
[Black "Sreyas Payyappat"]
[WhiteFideId "2064022"]
[BlackFideId "46674969"]
[WhiteElo "2000"]
[BlackElo "2083"]
[Result "0-1"]
[Round "06"]
[TimeControl "180+2"]
[Date "2023.04.11"]
[WhiteClock "0:00:15"]
[BlackClock "0:01:03"]

1. e4 c6 2. d4 d5 3. Nd2 dxe4 4. Nxe4 Nf6 5. Nxf6+ exf6 6. c3 Bd6 7. Bd3 O-O 8. Qc2 Re8+ 9. Ne2 h5 10. O-O Nd7 11. Bd2 Nf8 12. Rae1 h4 13. h3 Be6 14. f4 b5 15. f5 Bd5 16. Bf4 Nh7 17. Qd2 Re7 18. a3 Qc7 19. Bxd6 Qxd6 20. Qf4 Qxf4 21. Nxf4 Rae8 22. Kf2 Be4 23. Bxe4 Rxe4 24. Rxe4 Rxe4 25. Nd3 Nf8 26. Re1 Rxe1 27. Kxe1 Nd7 28. Kf2 g6 29. Kf3 Nb6 30. Ke4 Nc4 31. fxg6 fxg6 32. Kf4 Kf7 33. g3 g5+ 34. Kf3 Nd2+ 35. Ke2 hxg3 36. Ne1 Nc4 37. Nd3 f5 38. Kf3 f4 39. h4 gxh4 40. b3 Nd2+ 41. Kg4 g2 0-1


[Site "https://www.chess.com"]

[Event "Titled Tuesday Blitz April 11 Late 2023"]
[White "Gurevich, Dmitry"]
[Black "Garcia Cuenca, Victor"]
[WhiteFideId "2000407"]
[BlackFideId "2250829"]
[WhiteElo "2506"]
[BlackElo "2329"]
[Result "1-0"]
[Round "06"]
[TimeControl "180+2"]
[Date "2023.04.11"]
[WhiteClock "0:00:36"]
[BlackClock "0:00:06"]

1. d4 Nf6 2. c4 c5 3. Nf3 cxd4 4. Nxd4 g6 5. Nc3 Bg7 6. e4 d6 7. Be2 O-O 8. Be3 Nc6 9. O-O Nxd4 10. Bxd4 Be6 11. Rc1 a6 12. Qd2 Rc8 13. b3 Qa5 14. Rfd1 Rfe8 15. f3 Nd7 16. Bxg7 Kxg7 17. f4 Nf6 18. Bf3 b5 19. cxb5 axb5 20. f5 gxf5 21. Qg5+ Kh8 22. exf5 b4 23. Ne4 Rxc1 24. Rxc1 Rg8 25. Qf4 Nd5 26. Qh4 Bxf5 27. Ng5 Bg6 28. Qd4+ Nf6 29. h4 h6 30. Nh3 Bf5 31. Nf4 Qxa2 32. Rc7 e5 33. Qxd6 1-0


[Site "https://www.chess.com"]

[Event "Titled Tuesday Blitz April 11 Late 2023"]
[White "Petrova, Irina"]
[Black "Filgueiras, Nathan Felipe"]
[WhiteFideId "14124122"]
[BlackFideId "2188562"]
[WhiteElo "2084"]
[BlackElo "2241"]
[Result "0-1"]
[Round "06"]
[TimeControl "180+2"]
[Date "2023.04.11"]
[WhiteClock "0:00:39"]
[BlackClock "0:01:55"]

1. e4 c5 2. Nf3 Nc6 3. Bb5 e5 4. Bxc6 bxc6 5. O-O d6 6. c3 c4 7. d4 cxd3 8. Qxd3 Nf6 9. Na3 a5 10. Re1 Ba6 11. Qc2 Be7 12. Bg5 O-O 13. Rad1 Qc7 14. c4 c5 15. Nb1 Rab8 16. b3 Bb7 17. Nc3 Bc6 18. Bxf6 Bxf6 19. Nd5 Bxd5 20. Rxd5 Be7 21. Red1 Qc6 22. h4 a4 23. h5 h6 24. R1d3 Rb4 25. Nh2 Rfb8 26. Ng4 axb3 27. axb3 Qb7 28. Rg3 Kh7 29. Qe2 Rxb3 30. Ne3 Rb1+ 31. Kh2 Bg5 32. Qg4 Qc8 33. Nf5 Re1 34. Nxd6 Rbb1 0-1


[Site "https://www.chess.com"]

[Event "Titled Tuesday Blitz April 11 Late 2023"]
[White "Korkmaz, Necmettin"]
[Black "Chemin, Justo Reinaldo"]
[WhiteFideId "6303285"]
[BlackFideId "2101580"]
[WhiteElo "2097"]
[BlackElo "1940"]
[Result "1-0"]
[Round "06"]
[TimeControl "180+2"]
[Date "2023.04.11"]
[WhiteClock "0:01:06"]
[BlackClock "0:00:30"]

1. e4 e6 2. d3 d5 3. Nd2 c5 4. Ngf3 Nc6 5. g3 g6 6. Bg2 Bg7 7. O-O Nge7 8. Re1 O-O 9. Qe2 b5 10. e5 a5 11. Nf1 h6 12. h4 h5 13. N1h2 Nf5 14. Bg5 f6 15. exf6 Bxf6 16. c3 Re8 17. Rad1 Ra7 18. Bxf6 Qxf6 19. Ng5 Rae7 20. Nhf3 b4 21. Ne5 Nxe5 22. Qxe5 Qxe5 23. Rxe5 bxc3 24. bxc3 Kg7 25. Rb1 Kf6 26. Ree1 Ba6 27. Bf1 c4 28. d4 Bc8 29. Rb6 Rb7 30. Reb1 Rxb6 31. Rxb6 Rd8 32. Bh3 Nd6 33. f4 Nf5 34. Bxf5 Kxf5 35. Kf2 Bd7 36. Nf3 Be8 37. Ne5 Ra8 38. Ke3 a4 39. a3 Ra5 40. Rb8 Rb5 41. Rxe8 g5 42. Rf8# 1-0


[Site "https://www.chess.com"]

[Event "Titled Tuesday Blitz April 11 Late 2023"]
[White "Womacka, Mathias"]
[Black "Gonzalez Zamora, Juan Carlos"]
[WhiteFideId "4611390"]
[BlackFideId "3507548"]
[WhiteElo "2377"]
[BlackElo "2535"]
[Result "1-0"]
[Round "06"]
[TimeControl "180+2"]
[Date "2023.04.11"]
[WhiteClock "0:00:06"]
[BlackClock "0:00:10"]

1. e4 d6 2. d4 Nf6 3. Nc3 g6 4. f4 Bg7 5. Nf3 O-O 6. Bd3 Bg4 7. e5 dxe5 8. dxe5 Nfd7 9. h3 Bxf3 10. Qxf3 Nc5 11. Bc4 c6 12. Be3 Nca6 13. h4 Nb4 14. Rc1 b5 15. Bxb5 cxb5 16. Qxa8 N4c6 17. Qb7 b4 18. Rd1 Qa5 19. Nd5 Qxa2 20. Nxe7+ Nxe7 21. Qxe7 Qxb2 22. O-O a5 23. Qc5 Qa3 24. Ra1 Qc3 25. Qxc3 bxc3 26. Rxa5 Nc6 27. Rc5 Ne7 28. Rxc3 Rd8 29. Rd3 Rc8 30. Rc1 Nf5 31. Bf2 h5 32. c4 Bf8 33. c5 Rc6 34. Rb3 Ng7 35. Rb6 Rc8 36. c6 Ne6 37. Be3 Be7 38. g3 Bd8 39. Rb7 Ba5 40. Kg2 Nd8 41. Rd7 Nxc6 42. Rd6 Ne7 43. Rxc8+ Nxc8 44. Ra6 Bc7 45. Ra8 Kh7 46. Rxc8 Ba5 47. Kf3 Bb4 48. Bc5 Be1 49. Rc7 Kg8 50. Bf2 Ba5 51. Rb7 Bc3 52. Ke4 1-0


[Site "https://www.chess.com"]

[Event "Titled Tuesday Blitz April 11 Late 2023"]
[White "Gonzalez, Francisco Silva"]
[Black "Clawitter, Craig"]
[WhiteFideId "1512285"]
[BlackFideId "2023105"]
[WhiteElo "2074"]
[BlackElo "2050"]
[Result "1-0"]
[Round "06"]
[TimeControl "180+2"]
[Date "2023.04.11"]
[WhiteClock "0:01:47"]
[BlackClock "0:00:12"]

1. d4 e6 2. c4 Nf6 3. Nc3 d5 4. Bg5 dxc4 5. e3 c5 6. Bxc4 cxd4 7. exd4 Be7 8. Nf3 Nc6 9. O-O O-O 10. a3 b6 11. Re1 Bb7 12. Ba2 Rc8 13. Qd3 Na5 14. Ne5 Nd5 15. Bb1 g6 16. Bh6 Nb3 17. Nxd5 Qxd5 18. Qg3 Nxa1 19. Be4 Qa5 20. b4 Bxb4 21. axb4 Qxb4 22. Rxa1 Bxe4 23. Bxf8 Qxd4 24. Re1 Rxf8 25. Qf4 f5 26. h4 Rd8 27. h5 Rd5 28. Nc6 Qd2 29. Qb8+ Kf7 30. Qc7+ Rd7 31. Qxd7+ Qxd7 32. Ne5+ Ke7 33. Nxd7 Kxd7 34. h6 b5 35. Rd1+ Kc6 36. Rd8 b4 37. Rh8 a5 38. Rxh7 g5 39. Re7 f4 40. Rxe6+ Kd5 41. Rxe4 Kxe4 42. h7 b3 43. h8=Q b2 44. Qxb2 1-0


[Site "https://www.chess.com"]

[Event "Titled Tuesday Blitz April 11 Late 2023"]
[White "Quispe Santacruz, Javier"]
[Black "Gerbelli Neto, Eduardo"]
[WhiteFideId "3800920"]
[BlackFideId "2103281"]
[WhiteElo "1875"]
[BlackElo "2178"]
[Result "0-1"]
[Round "06"]
[TimeControl "180+2"]
[Date "2023.04.11"]
[WhiteClock "0:00:30"]
[BlackClock "0:00:20"]

1. d4 d5 2. c4 c6 3. Nf3 Nf6 4. e3 e6 5. Nc3 Nbd7 6. Qc2 Bb4 7. Bd3 dxc4 8. Bxc4 b5 9. Bd3 Bb7 10. O-O O-O 11. Bd2 a6 12. e4 e5 13. dxe5 Ng4 14. Bf4 Qe7 15. a3 Ba5 16. Nd4 Ngxe5 17. Nf5 Qf6 18. Be2 Bc7 19. Nd5 cxd5 20. Qxc7 Bc6 21. exd5 Bxd5 22. Bxe5 Qxf5 23. Bg3 Nf6 24. Rfd1 Rfe8 25. Bd3 Qe6 26. Qf4 Rac8 27. h3 Be4 28. Re1 Qd5 29. Bxe4 Rxe4 30. Rxe4 Qxe4 31. Qd6 Rc6 32. Qd8+ Qe8 33. Qxe8+ Nxe8 34. Rd1 f6 35. Rd7 Re6 36. Ra7 h5 37. h4 Kh7 38. Kh2 Kg6 39. Bf4 Kf5 40. Be3 g6 41. b4 Re4 42. Kg3 g5 0-1


[Site "https://www.chess.com"]

[Event "Titled Tuesday Blitz April 11 Late 2023"]
[White "Spitzl, Vinzent"]
[Black "Antonova, Nadezhda"]
[WhiteFideId "12901253"]
[BlackFideId "14700182"]
[WhiteElo "2225"]
[BlackElo "1765"]
[Result "1-0"]
[Round "06"]
[TimeControl "180+2"]
[Date "2023.04.11"]
[WhiteClock "0:00:50"]
[BlackClock "0:00:01"]

1. e4 c6 2. d4 d5 3. exd5 cxd5 4. Bd3 Nc6 5. c3 Nf6 6. Bf4 Bg4 7. Qb3 Qd7 8. Nd2 e6 9. h3 Bh5 10. Ngf3 Bd6 11. Bxd6 Qxd6 12. O-O O-O 13. Rfe1 a6 14. Ne5 Qc7 15. Rac1 Nxe5 16. dxe5 Nd7 17. c4 Nc5 18. Qc2 Nxd3 19. Qxd3 Bg6 20. Qe3 dxc4 21. Nxc4 Qe7 22. Nd6 f6 23. f4 fxe5 24. fxe5 b5 25. Rc3 Qa7 26. Qxa7 Rxa7 27. Rec1 h6 28. Rf1 Rd8 29. g4 Rb8 30. Rfc1 Kh7 31. Kf2 b4 32. Rc8 Rb6 33. R1c6 Rxc6 34. Rxc6 a5 35. Ke3 a4 36. a3 bxa3 37. bxa3 Ra5 38. Nc4 Rd5 39. Rd6 Rc5 40. Kd4 Rb5 41. Rxe6 Rb3 42. Ra6 Rd3+ 43. Kc5 Rxh3 44. e6 Rg3 45. Ne5 Rc3+ 46. Kd6 Be8 47. Ra8 Bb5 48. e7 Re3 49. Rb8 1-0


[Site "https://www.chess.com"]

[Event "Titled Tuesday Blitz April 11 Late 2023"]
[White "Stanisz, Patryk"]
[Black "Torrente, Alejandro Josue"]
[WhiteFideId "1123106"]
[BlackFideId "4437969"]
[WhiteElo "2069"]
[BlackElo "2025"]
[Result "0-1"]
[Round "06"]
[TimeControl "180+2"]
[Date "2023.04.11"]
[WhiteClock "0:00:06"]
[BlackClock "0:00:59"]

1. d4 d5 2. c4 e6 3. Nc3 Nf6 4. Nf3 Be7 5. Bf4 O-O 6. e3 b6 7. Rc1 Bb7 8. cxd5 exd5 9. Bd3 a6 10. h3 Nbd7 11. O-O c5 12. Ne5 Rc8 13. Qe2 Nxe5 14. dxe5 c4 15. Bf5 Nd7 16. e6 fxe6 17. Bxe6+ Kh8 18. Bxd5 Bxd5 19. Nxd5 b5 20. Rcd1 Bc5 21. Nc3 Qe7 22. Qg4 Nf6 23. Qh4 b4 24. Na4 Rfd8 25. Nxc5 Qxc5 26. Bg5 Rf8 27. Bxf6 Rxf6 28. Qd4 Qa5 29. a3 bxa3 30. bxa3 Qxa3 31. Rc1 c3 32. Rc2 Rfc6 33. Rd1 h6 34. Rdc1 a5 35. Qd5 a4 36. Qa2 Qb3 37. Rb1 Qc4 38. Qxc4 Rxc4 39. Ra1 Rb8 40. Ra3 Rb3 41. Raa2 g5 42. g3 Kg7 43. Kf1 Kf6 44. Ke2 Ke5 45. Kd3 Rc8 46. Rxa4 Rb5 47. Rd4 Rb3 48. f3 h5 49. Re4+ Kf5 50. Rd4 Ra3 51. g4+ hxg4 52. hxg4+ Ke5 53. Re4+ Kf6 54. Rd4 Ra1 55. Ke4 Re8+ 56. Kd5 Rxe3 57. Kc4 Ra4+ 58. Kc5 Rxd4 59. Kxd4 Rxf3 60. Rxc3 Rxc3 61. Kxc3 Ke5 62. Kd3 Kf4 63. Ke2 Kxg4 64. Kf2 Kh3 65. Kg1 Kg3 66. Kf1 Kh2 67. Kf2 g4 68. Kf1 g3 0-1


[Site "https://www.chess.com"]

[Event "Titled Tuesday Blitz April 11 Late 2023"]
[White "Carrasco Miranda, Andres"]
[Black "Svicevic, Rastko"]
[WhiteFideId "3405990"]
[BlackFideId "916315"]
[WhiteElo "2183"]
[BlackElo "2071"]
[Result "1-0"]
[Round "06"]
[TimeControl "180+2"]
[Date "2023.04.11"]
[WhiteClock "0:02:04"]
[BlackClock "0:01:00"]

1. d4 Nf6 2. c4 e6 3. g3 d5 4. Bg2 c6 5. Nf3 Bb4+ 6. Nbd2 O-O 7. O-O a5 8. Qc2 Nbd7 9. Rd1 Re8 10. e4 dxe4 11. Nxe4 Nxe4 12. Qxe4 Nf6 13. Qc2 Bf8 14. Bf4 Qb6 15. c5 Qd8 16. Ne5 Nd5 17. Bd2 f6 18. Nc4 Qc7 19. Re1 Bd7 20. a3 Rad8 21. Be4 Ra8 22. Bxh7+ Kh8 23. Bg6 Red8 24. Qd1 1-0


[Site "https://www.chess.com"]

[Event "Titled Tuesday Blitz April 11 Late 2023"]
[White "Oliveira, Tiago Batista"]
[Black "Kopacz, Grzegorz"]
[WhiteFideId "2108291"]
[BlackFideId "1109880"]
[WhiteElo "1962"]
[BlackElo "2037"]
[Result "0-1"]
[Round "06"]
[TimeControl "180+2"]
[Date "2023.04.11"]
[WhiteClock "0:00:01"]
[BlackClock "0:00:09"]

1. d4 Nf6 2. c4 c5 3. d5 b5 4. cxb5 a6 5. bxa6 Bxa6 6. g3 d6 7. Bg2 g6 8. Nf3 Bg7 9. O-O O-O 10. Nc3 Nbd7 11. Qc2 Qb6 12. Rd1 Rfb8 13. Rb1 Ng4 14. Bg5 Kf8 15. Qe4 Ngf6 16. Qh4 Kg8 17. e4 Qb4 18. Bh6 Bh8 19. Bd2 Qb6 20. Ng5 Bd3 21. Bh3 Nf8 22. Nxf7 Kxf7 23. Rbc1 Qxb2 24. Bh6 c4 25. Bxf8 Kxf8 26. Be6 Qb6 27. Rd2 Qd4 28. Ne2 Qe5 29. f4 Qh5 30. Qxh5 Nxh5 31. Nc3 Bxc3 32. Rxc3 Rb1+ 33. Kg2 Ng7 34. Kf3 Nxe6 35. dxe6 Kg7 36. Ke3 Kf6 37. Kd4 Ra5 0-1


[Site "https://www.chess.com"]

[Event "Titled Tuesday Blitz April 11 Late 2023"]
[White "Bueno, Alfeu Junior Varela"]
[Black "Hartikainen, Jarmo"]
[WhiteFideId "2108879"]
[BlackFideId "503134"]
[WhiteElo "2175"]
[BlackElo "2108"]
[Result "1-0"]
[Round "06"]
[TimeControl "180+2"]
[Date "2023.04.11"]
[WhiteClock "0:00:17"]
[BlackClock "0:00:04"]

1. e4 c5 2. Nc3 Nc6 3. f4 e6 4. Nf3 d5 5. Bb5 Be7 6. Bxc6+ bxc6 7. d3 h5 8. O-O h4 9. h3 Nh6 10. Na4 Rb8 11. c4 Bf6 12. Rb1 dxc4 13. dxc4 Bd4+ 14. Kh1 Ba6 15. Qe2 Rb4 16. b3 Bxc4 17. Qe1 Bxf1 18. Qxf1 Qb8 19. Ba3 Rb5 20. Ng5 O-O 21. Rc1 Bf6 22. Nxc5 Rd8 23. Qf3 e5 24. Rf1 exf4 25. Qh5 Bxg5 26. Qxg5 Qd6 27. Qxh4 Qd2 28. Qxf4 Rd6 29. e5 Rg6 30. Qxd2 1-0


[Site "https://www.chess.com"]

[Event "Titled Tuesday Blitz April 11 Late 2023"]
[White "Steenbekkers, Franck"]
[Black "Kostiukov, Alexandr"]
[WhiteFideId "1004220"]
[BlackFideId "14108100"]
[WhiteElo "2164"]
[BlackElo "2202"]
[Result "1-0"]
[Round "06"]
[TimeControl "180+2"]
[Date "2023.04.11"]
[WhiteClock "0:00:15"]
[BlackClock "0:00:01"]

1. e4 c5 2. Nf3 g6 3. d4 cxd4 4. Nxd4 Bg7 5. c4 Nc6 6. Be3 Nf6 7. Nc3 O-O 8. Be2 Nxd4 9. Bxd4 Qa5 10. O-O d6 11. Rc1 Be6 12. Qd2 Nxe4 13. Qe3 Nxc3 14. Rxc3 Bxd4 15. Qxd4 Rfc8 16. b3 Qxa2 17. Bf3 Qa6 18. Re3 Rc5 19. Rfe1 Rf8 20. Qh4 Rc7 21. Bd5 Bxd5 22. cxd5 f6 23. f4 Rf7 24. Qg4 Qb6 25. Kh1 Kg7 26. h4 h5 27. Qe6 Qd4 28. f5 Qxh4+ 29. Kg1 g5 30. Re4 Qg3 31. R1e3 Rc1+ 32. Re1 Rxe1+ 33. Rxe1 Qxb3 34. Qd7 Qb6+ 35. Kh2 Kf8 36. Qc8+ Kg7 37. Qd7 g4 38. Rxe7 Rxe7 39. Qxe7+ Kg8 40. Qxf6 Qe3 41. Qg6+ Kf8 42. Qxd6+ Kf7 43. Qd7+ Kf6 44. Qd6+ Kg5 45. Qg6+ Kf4 46. Qh6+ Ke4 47. Qe6+ Kf4 48. Qxe3+ Kxe3 49. f6 h4 50. f7 h3 51. gxh3 Kf3 52. hxg4 1-0


[Site "https://www.chess.com"]